 Dungeon Crawl Stone Soup version 0.25-a0-285-gcba6f664f8 (webtiles) character file.

Game seed: 11916158217887881380, levelgen mode: deterministic

838 kae the Firebug (level 7, 0/36 HPs)
             Began as a Tengu Fire Elementalist on Dec 11, 2019.
             Was an Initiate of Vehumet.
             Succumbed to an orc wizard's poison
             ... on level 6 of the Dungeon.
             The game lasted 00:08:02 (5321 turns).

kae the Firebug (Tengu Fire Elementalist)           Turns: 5321, Time: 00:08:03

Health: 0/36       AC:  4    Str:  8    XL:     7   Next: 99%
Magic:  0/14       EV: 14    Int: 18    God:    Vehumet [......]
Gold:   294        SH:  0    Dex: 14    Spells: 6/14 levels left

rFire    + . .     SeeInvis .   (no weapon)
rCold    . . .     Gourm    .   (no shield)
rNeg     . . .     Faith    .   a - +0 robe
rPois    .         Spirit   .   (helmet restricted)
rElec    .         Reflect  .   (no cloak)
rCorr    .         Harm     .   b - +1 pair of gloves
MR       .....                  (boots unavailable)
Stlth    +++.......             (no amulet)
HPRegen  0.12/turn              j - ring of protection from fire
MPRegen  0.14/turn              (no ring)

@: lethally poisoned (0 -> -11)
A: beak, talons 3, able to fly
a: Fly, Renounce Religion


You were on level 6 of the Dungeon.
You worshipped Vehumet.
Vehumet was noncommittal.
You were hungry.

You visited 2 branches of the dungeon, and saw 7 of its levels.

You collected 294 gold pieces.

Inventory:

Armour
 a - a +0 robe (worn)
 b - a +1 pair of gloves (worn)
 x - the +1 chain mail of Baldness {rPois, unknown}
   (You found it on level 6 of the Dungeon)

   It protects you from poison.
Jewellery
 j - a ring of protection from fire (left hand)
 k - an uncursed amulet of rage
Wands
 q - a wand of flame (37)
 s - a wand of paralysis (12)
 u - a wand of clouds (5)
Scrolls
 e - 3 scrolls of remove curse
 l - 2 scrolls of enchant armour
 o - a scroll of identify
 p - a scroll of random uselessness
 r - 2 scrolls of amnesia
Potions
 d - 2 potions of flight
 f - 2 potions of agility
 g - a potion of magic
 h - 2 potions of brilliance
 m - a potion of might
 n - 3 potions of degeneration
 t - a potion of heal wounds
 v - a potion of haste
 w - a potion of berserk rage
Comestibles
 c - 6 rations
 i - a chunk of flesh


   Skills:
 + Level 4.6 Dodging
 + Level 4.6 Stealth
 + Level 4.0 Spellcasting
 + Level 5.1 Conjurations
 + Level 5.3 Fire Magic


You had 6 spell levels left.
You knew the following spells:

 Your Spells              Type           Power        Failure   Level  Hunger
a - Foxfire               Conj/Fire      ###.         1%          1    None
b - Conjure Flame         Conj/Fire      ###.....     4%          3    ###....
c - Sticky Flame          Conj/Fire      ###.....     17%         4    ####...

Your spell library contained the following spells:

 Spells                   Type           Power        Failure   Level  Hunger
 Inner Flame              Hex/Fire       ##......     16%         3    ###....
 Fireball                 Conj/Fire      ###.......   43%         5    ######.


Dungeon Overview and Level Annotations

Branches:
Dungeon (6/15)             Temple (1/1) D:5

Altars:
Ashenzari
Cheibriados
Dithmenos
Elyvilon
Fedhas
Gozag
Hepliaklqana
Kikubaaqudgha
Nemelex Xobeh
Qazlal
Ru
Sif Muna
Trog
Uskayaw
Vehumet
Wu Jian
Xom
The Shining One

Shops:
D:6 =

Annotations:
D:3 Sigmund
D:5 exclusions: 2 crimson imps, orc, orc priest and 3 orc wizards


Innate Abilities, Weirdness & Mutations

You have a beak for a mouth.
You have claws for feet.
You can fly continuously.


Message History

The orc wizard is lightly wounded.
You feel sick.
The orc wizard hits you with a +2 dagger of venom.
* * * LOW HITPOINT WARNING * * *
Casting: Sticky Flame (slightly dangerous; 17% risk of failure)
Confirm with . or Enter, or press ? or * to list all spells.
You conjure some foxfire!
You feel sick. The orc wizard barely misses you.
The orc wizard hits you but does no damage.
You are lethally poisoned!
* * * LOW HITPOINT WARNING * * *
You feel sick.
The foxfire hits the orc wizard.
The orc wizard is heavily wounded.
The orc wizard casts a spell at you. The puff of frost misses you.
* * * LOW HITPOINT WARNING * * *
You feel sick.
The orc wizard hits you with a +2 dagger of venom.
* * * LOW HITPOINT WARNING * * *
There is a stone staircase leading up, spattered with blood here.
You die...

####### #.....# . #.....# ).
#.....##... ######..........
##..........# ####..####.....# o
.#############.o@.## #.....# ..
...............########.....##...
##...........................
#.###########............... #.Y#
#######o......#.##.. ##.#
........#####.#..# . [# ....≈≈≈.#
#.##.# .# ...≈≈o≈≈# #.# .# .#
...o.∩≈≈# #.# ..


You could see an orc wizard.

Vanquished Creatures
  An ice beast (D:6)
  An orc warrior (D:6)
  A sky beast (D:5)
  An ogre (D:4)
  A howler monkey (D:4)
  A centaur skeleton (D:6)
  A bullfrog skeleton (D:5)
  A hound (D:4)
  An iguana (D:3)
  4 orc wizards
  2 worker ants
  A hound skeleton (D:4)
  6 adders
  2 adder skeletons
  3 dart slugs
  3 leopard geckos
  13 orcs
  A ball python (D:1)
  10 bats
  5 giant cockroaches
  7 goblins
  6 hobgoblins
  6 jackals
  9 kobolds
  2 frilled lizards
  A leopard gecko skeleton (D:4)
  2 rats
92 creatures vanquished.

Vanquished Creatures (others)
  270 foxfires
270 creatures vanquished.

Grand Total: 362 creatures vanquished

Notes
Turn   | Place    | Note
-------+----------+-------------------------------------------
     0 | D:1      | kae the Tengu Fire Elementalist began the quest for the
                  | Orb.
     0 | D:1      | Reached XP level 1. HP: 10/10 MP: 4/4
   154 | D:1      | Reached XP level 2. HP: 15/15 MP: 3/6
   941 | D:2      | Reached XP level 3. HP: 19/19 MP: 5/7
  1442 | D:3      | Reached XP level 4. HP: 24/24 MP: 5/8
  1530 | D:3      | Noticed Sigmund
  1710 | D:3      | Found a faded altar of an unknown god.
  1887 | D:3      | Found a sparkling altar of Nemelex Xobeh.
  2564 | D:4      | HP: 1/24 [leopard gecko skeleton (3)]
  2569 | D:3      | HP: 1/24 [jackal (1)]
  2574 | D:3      | Gained mutation: You can fly continuously. [Tengu growth]
  2574 | D:3      | Reached XP level 5. HP: 6/28 MP: 4/10
  2853 | D:3      | HP: 1/28 [iguana (7)]
  3151 | D:3      | Learned a level 3 spell: Conjure Flame
  3156 | D:3      | Learned a level 4 spell: Sticky Flame
  3171 | D:4      | Noticed an ogre
  3240 | D:4      | Killed an ogre
  3240 | D:4      | Reached XP level 6. HP: 15/32 MP: 0/11
  3735 | D:4      | Found a radiant altar of Vehumet.
  3749 | D:4      | Reached XP level 7. HP: 36/36 MP: 10/13
  3924 | D:4      | Found a bloodstained altar of Trog.
  4058 | D:5      | Entered Level 5 of the Dungeon
  4715 | D:5      | Found a staircase to the Ecumenical Temple.
  4772 | D:5      | Reached skill level 5 in Fire Magic
  4958 | Temple   | Entered the Ecumenical Temple
  4969 | Temple   | Became a worshipper of Vehumet
  5029 | D:5      | Found a white marble altar of Elyvilon.
  5196 | D:6      | Reached skill level 5 in Conjurations
  5270 | D:6      | Found Hemayr's Jewellery Shoppe.
  5273 | D:6      | Got a sapphire-encrusted chain mail
  5320 | D:6      | HP: 1/36 [orc wizard/+2 dagger of venom (5)]
  5321 | D:6      | Succumbed to an orc wizard's poison

Levels and vault maps discovered:
D:1:      psy_arrival_statuary, layout_loops_ring, chequers_serial_rivers_room_a
D:2:      layout_rooms, first_ration
D:3:      layout_basic, chequers_ecumenical_altar_simple_redux,
          nemelex_lonely_heart_becter, uniq_sigmund
D:4:      layout_cave_pools, lemuel_doored_altar, vehumet_altar_wand_db
D:5:      layout_rooms, nicolae_overflow_hidden_temple,
          minmay_temple_entry_nine_rooms, okawaru_altar_gauntlet_db
D:6:      minmay_general_purpose_star, layout_rooms, serial_shops,
          nicolae_shop_waterfront, nicolae_tso_besieged_by_evil
Temple:   nicolae_temple_no_exploring_needed

Skill      XL: |  1  2  3  4  5  6  7 |
---------------+----------------------+-----
Conjurations   | 2 3 4 5 |  5.1
Dodging        | 3 4 |  4.6
Stealth        | 3 4 |  4.6
Fire Magic     | 4 5 |  5.3
Spellcasting   | 3 4 |  4.0

Action                   |  1- 3 |  4- 6 |  7- 9 || total
-------------------------+-------+-------+-------++-------
Melee: Unarmed           |    26 |    11 |    32 ||    69
       Kick              |     7 |     4 |     7 ||    18
       Peck              |     6 |     1 |     2 ||     9
 Cast: Foxfire           |    43 |    76 |    46 ||   165
       Sticky Flame      |       |     1 |     6 ||     7
  Use: Scroll            |     6 |       |     8 ||    14
       Potion            |     4 |     4 |     2 ||    10
 Stab: Sleeping          |     1 |       |       ||     1
  Eat: Chunk             |     1 |     9 |     5 ||    15
Armor: Robe              |     5 |    15 |     7 ||    27
Dodge: Dodged            |    42 |    82 |    55 ||   179

Table legend:
 A = Non-vault XP
 B = Vault XP
 C = Vault XP percentage of total XP
 D = Non-vault monster count
 E = Vault monster count
 F = Vault count percentage of total count
                 A         B        C        D         E       F
            +---------+---------+-------+---------+---------+-------
      Total |    1196 |       2 |   0.2 |      91 |       1 |   1.1
            +---------+---------+-------+---------+---------+-------
        D:1 |      32 |       0 |   0.0 |      16 |       0 |   0.0
        D:2 |      27 |       0 |   0.0 |      14 |       0 |   0.0
        D:3 |     173 |       0 |   0.0 |      22 |       0 |   0.0
        D:4 |     390 |       2 |   0.5 |      24 |       1 |   4.0
        D:5 |     263 |       0 |   0.0 |      11 |       0 |   0.0
        D:6 |     311 |       0 |   0.0 |       4 |       0 |   0.0
            +---------+---------+-------+---------+---------+-------
